 Dungeon Crawl Stone Soup version 0.23.2-40-g277498a001 (webtiles) character file.

Game seed: 13854622465128411795

860 H0rd4k the Thaumaturge (level 7, -3/37 HPs)
             Began as a Deep Elf Wizard on Oct 1, 2019.
             Shot with an arrow by a centaur (8 damage)
             ... on level 7 of the Dungeon.
             The game lasted 00:11:37 (4851 turns).

H0rd4k the Thaumaturge (Deep Elf Wizard)            Turns: 4851, Time: 00:11:37

Health: -3/37      AC:  3    Str:  4    XL:     7   Next: 71%
Magic:  18/21      EV: 13    Int: 25    God:
Gold:   275        SH:  0    Dex: 13    Spells: 15/24 levels left

rFire    . . .     SeeInvis .   (no weapon)
rCold    . . .     Gourm    .   (no shield)
rNeg     . . .     Faith    .   a - +0 robe
rPois    .         Spirit   .   z - +1 hat
rElec    .         Reflect  .   (no cloak)
rCorr    .         Harm     .   (no gloves)
MR       .....                  (no boots)
Stlth    +++.......             (no amulet)
HPRegen  0.12/turn              (no ring)
MPRegen  0.17/turn              (no ring)

@: marked
A: no striking features
a: no special abilities


You were on level 7 of the Dungeon.
You were hungry.

You visited 1 branch of the dungeon, and saw 7 of its levels.

You collected 275 gold pieces.

Inventory:

Hand Weapons
 f - a +3 hunting sling
 v - a +0 dagger of venom
Missiles
 n - 7 javelins (quivered)
Armour
 a - a +0 robe (worn)
 b - a +0 hat
 z - a +1 hat (worn)
Jewellery
 y - a +3 ring of protection
Wands
 l - a wand of acid (4)
 w - a wand of flame (14)
Scrolls
 c - a scroll of noise {unknown}
 e - a scroll of random uselessness {unknown}
 g - 5 scrolls of identify
 h - 3 scrolls of magic mapping {unknown}
 i - a scroll of enchant weapon {unknown}
 j - a scroll of remove curse {unknown}
 o - a scroll of amnesia {unknown}
 q - a scroll of fear {unknown}
 u - 3 scrolls of teleportation {unknown}
 x - a scroll of fog {unknown}
 B - a scroll of torment {unknown}
 C - a scroll of immolation {unknown}
Potions
 k - a potion of cancellation {unknown}
 m - a potion of flight {unknown}
 p - 3 potions of curing {unknown}
 r - 3 potions of mutation {unknown}
 s - 2 potions of haste {unknown}
 t - a potion of magic {unknown}
 A - a potion of heal wounds {unknown}
Comestibles
 d - 12 rations


   Skills:
 + Level 0.5 Fighting
 + Level 2.7 Dodging
 + Level 4.2 Stealth
 + Level 9.1 Spellcasting
 + Level 5.5 Conjurations
   Level 1.1 Summonings
 + Level 1.1 Translocations
 + Level 1.7 Fire Magic
 + Level 0.4 Evocations


You had 15 spell levels left.
You knew the following spells:

 Your Spells              Type           Power        Failure   Level  Hunger
a - Magic Dart            Conj           ####         1%          1    None
b - Blink                 Tloc           N/A          4%          2    None
c - Conjure Flame         Conj/Fire      ####....     3%          3    None
d - Ozocubu's Armour      Chrm/Ice       ##......     16%         3    None

Your spell library contained the following spells:

 Spells                   Type           Power        Failure   Level  Hunger
 Throw Frost              Conj/Ice       ####..       2%          2    None
 Freeze                   Ice            ##..         5%          1    None
 Call Imp                 Summ           ###.....     5%          2    None
 Mephitic Cloud           Conj/Pois/Air  ###.....     8%          3    None
 Slow                     Hex            ##......     9%          2    None
 Throw Icicle             Conj/Ice       ####....     17%         4    ##.....
 Summon Ice Beast         Ice/Summ       ##......     38%         4    ##.....


Dungeon Overview and Level Annotations

Branches:
Dungeon (7/15)
 Temple: D:4-7

Altars:
Ashenzari
Dithmenos
Fedhas
Kikubaaqudgha
Uskayaw
The Shining One

Annotations:
D:1 exclusion: downstairs
D:2 !orcwarrior
D:3 Ijyb, Terence
D:5 exclusion: upstairs, Edmund
D:6 exclusions: centaur and downstairs


Message History

The magic dart hits the bullfrog.
The bullfrog is severely wounded.
The bullfrog is engulfed in blazing flames.
You kill the bullfrog!
The centaur shoots an arrow.
The arrow hits you.
You see here an arrow.
The centaur shoots an arrow.
The arrow hits you.
The centaur shoots an arrow.
The arrow hits you!
* * * LOW HITPOINT WARNING * * *
You see here an arrow.
Evoke which item? (* to show all) (? for menu, Esc to quit)
Okay, then.
Unknown command.
Okay, then.
As you read the scroll labeled JOGGAM ZICAFAIG, it crumbles to dust.
It is a scroll of identify.
y - a +3 ring of protection A jelly comes into view.
The centaur shoots an arrow.
The arrow hits you!
You die...

....#....................
.#..#....................
......#..............#
......##.............## #
#.#................#..##..
..##.......###.....##....#
#.......##.###.#..(#....#
#.......#...##.##..§c..#
..........#.(...@(.#......
..........##....#####.....
#.........##....# .....
#...........#...
#...%..$.#..
...........###..
#......c... . ...........#
... ........... .#
...........##...
.......... ..#
...........#..J.
.........##.. ............
.....!.....


You could see a centaur and a jelly.

Vanquished Creatures
  A black bear (D:6)
  A phantom (D:5)
  An orc warrior (D:5)
  A bullfrog (D:7)
  2 howler monkeys
  A crimson imp (D:5)
  3 jellies
  2 hounds
  An iguana (D:6)
  A worker ant (D:5)
  A hound zombie (D:5)
  A worker ant zombie (D:5)
  3 gnolls (D:2)
  A howler monkey skeleton (D:5)
  4 adders
  2 oozes
  2 adder skeletons
  2 worms
  A dart slug (D:5)
  3 leopard geckos
  6 orcs
  2 bat zombies (D:5)
  7 giant cockroaches
  7 goblins
  15 hobgoblins
  6 kobolds
  2 quokkas (D:3)
  2 ball pythons
  3 bats
  7 frilled lizards
  2 leopard gecko skeletons
  A leopard gecko zombie (D:5)
  6 rats
  A rat zombie (D:5)
101 creatures vanquished.

Notes
Turn   | Place    | Note
-------+----------+-------------------------------------------
     0 | D:1      | H0rd4k the Deep Elf Wizard began the quest for the Orb.
     0 | D:1      | Reached XP level 1. HP: 10/10 MP: 7/7
    98 | D:1      | Reached skill level 5 in Spellcasting
   105 | D:1      | Reached XP level 2. HP: 15/15 MP: 0/10
   557 | D:1      | Reached XP level 3. HP: 19/19 MP: 6/12
   996 | D:2      | Reached skill level 6 in Spellcasting
  1580 | D:2      | Reached XP level 4. HP: 24/24 MP: 10/14
  1636 | D:2      | Found a blossoming altar of Fedhas.
  1650 | D:2      | Noticed an orc warrior
  1750 | D:2      | Found a shadowy altar of Dithmenos.
  2363 | D:3      | Found a shattered altar of Ashenzari.
  2442 | D:3      | Noticed Ijyb
  2533 | D:3      | Found a glowing golden altar of the Shining One.
  2763 | D:3      | Noticed Terence
  2884 | D:4      | Learned a level 2 spell: Blink
  2888 | D:4      | Learned a level 3 spell: Conjure Flame
  3001 | D:4      | Reached XP level 5. HP: 28/28 MP: 9/16
  3036 | D:5      | Entered Level 5 of the Dungeon
  3212 | D:5      | Noticed Edmund
  3259 | D:6      | Noticed an orc warrior
  3327 | D:5      | Killed an orc warrior
  3327 | D:5      | Reached skill level 7 in Spellcasting
  3327 | D:5      | Reached XP level 6. HP: 3/32 MP: 10/18
  3696 | D:5      | Learned a level 3 spell: Ozocubu's Armour
  3943 | D:5      | Reached skill level 8 in Spellcasting
  3996 | D:5      | Reached XP level 7. HP: 37/37 MP: 16/20
  4019 | D:5      | Found an ancient bone altar of Kikubaaqudgha.
  4324 | D:6      | Reached skill level 5 in Conjurations
  4395 | D:6      | Found a hide-covered altar of Uskayaw.
  4675 | D:7      | Noticed a hippogriff
  4704 | D:6      | Reached skill level 1 in Fire Magic
  4817 | D:7      | Reached skill level 9 in Spellcasting
  4851 | D:7      | Shot with an arrow by a centaur

Skill      XL: |  1  2  3  4  5  6  7 |
---------------+----------------------+-----
Spellcasting   | 5 6 7 8 9 |  9.1
Conjurations   | 2 3 4 5 |  5.5
Stealth        | 3 4 |  4.2
Fire Magic     | 1 |  1.7
Fighting       | |  0.5
Dodging        | |  2.7
Summonings     | |  1.1
Translocations | |  1.1
Evocations     | |  0.4

Action                   |  1- 3 |  4- 6 |  7- 9 || total
-------------------------+-------+-------+-------++-------
 Cast: Magic Dart        |    87 |   130 |    51 ||   268
       Conjure Flame     |       |    11 |     7 ||    18
       Blink             |       |       |     2 ||     2
Evoke: Wand              |       |     3 |       ||     3
  Use: Scroll            |       |       |     1 ||     1
  Eat: Chunk             |     1 |     8 |     2 ||    11
Armor: Robe              |     3 |     6 |     6 ||    15
Dodge: Dodged            |    12 |    20 |     9 ||    41
